AoeStats
← MattAtArms

Arabia

504765864Analyzed
1v1 RM · 27d ago on Sep 6, 2026· 41m 15s· 2 players
Game mode
Random Map
Map size
Tiny (2 player)
Population
200
Speed
Normal
Resources
Standard
Victory
Conquest
Starting age
Dark Age
Ending age
Imperial Age
RankedLock teamsTeams togetherTeam positionsShared explorationLock speedFull tech treeHidden civsTurbo modeCheats
Victory
Defeat
🇵🇰 Hindustanis · Pakistan
1950
+15
🇬🇧 Japanese · United Kingdom
1925
-15
MattAtArms
6:18 Loom
9:00 Feudal Age
9:16 Man-at-Arms
9:42 Double-Bit Axe
18:27 Castle Age
16:41 Gold Mining
17:28 Padded Archer Armor
17:18 Fletching
18:29 Crossbowman
19:05 Bodkin Arrow
20:05 Bow Saw
22:25 Ballistics
30:36 Wheelbarrow
30:11 Horse Collar
34:26 Leather Archer Armor
36:46 Imperial Age
35:09 Heavy Plow
35:21 Town Watch
35:52 Hand Cart
37:37 Thumb Ring
37:57 Bracer
39:01 Chemistry
37:41 Arbalester
39:55 Scale Barding Armor
40:01 Forging
40:31 Conscription
40:40 Light Cavalry
41:30 Bloodlines
41:21 Husbandry
MangonelDance
7:20 Loom
9:39 Feudal Age
10:15 Double-Bit Axe
13:34 Fletching
14:23 Padded Archer Armor
20:30 Castle Age
18:47 Horse Collar
21:19 Bodkin Arrow
21:22 Elite Skirmisher
23:18 Bow Saw
23:56 Town Watch
24:47 Wheelbarrow
30:23 Gold Mining
30:35 Heavy Plow
33:16 Scale Mail Armor
33:42 Squires
37:13 Imperial Age
35:44 Chain Mail Armor
36:01 Hand Cart
36:52 Leather Archer Armor
36:58 Ballistics
38:53 Chemistry
37:55 Bracer
38:19 Shatagni
38:51 Masonry
39:28 Thumb Ring
40:06 Ring Archer Armor
39:28 Crossbowman
41:27 Siege Engineers
Connection lost

Rejoining the realm…

Still unreachable

The connection could not be restored.

Session expired

The server has moved on; the page needs a fresh start.